Map: 暮色之塔

Players

Arrow

  • Race: Terran Terran

shengy - Winner!

  • Race: Zerg Zerg

VOD

Have the link to the VOD?

Description

Time

  • Played on: Nov. 20, 2015, 10:58 p.m.
  • Length: 4:34
Show
View Real Time Build Order
Export as new Build Order

Arrow Terran 

Build Orders:  

Get SALT Encoding   

  12  0:00  SCV  
  13  0:13  SCV  
  14  0:25  SCV  
  14  0:26  Supply Depot  
  15  0:32  Refinery  
  15  0:50  Supply Depot  
  15  0:51  Barracks  
  15  0:53  SCV  
  16  1:05  SCV  
  17  1:17  SCV  
  18  1:29  SCV  
  19  1:41  SCV, Marine  
  21  1:54  Command Center  
  21  1:59  Marine  
  22  2:01  Refinery  
  22  2:07  SCV  
  23  2:17  Factory  
  23  2:22  Reaper  
  24  2:45  SCV, Barracks  
  25  2:56  Engineering Bay  
  25  3:06  Factory Tech Lab  
  25  3:09  Barracks  
  25  3:16  Orbital Command, Barracks Tech Lab  
  25  3:21  SCV  
  26  3:33  SCV  
  27  3:45  SCV  
  28  3:57  SCV  
  29  4:05  Marauder  
  34  4:16  Marine  
Show
View Real Time Build Order
Export as new Build Order

shengy Zerg - Winner!

Build Orders: Pool First, Zergling Baneling 

Get SALT Encoding   

  12  0:07  Drone  
  12  0:09  Drone  
  14  0:33  Overlord  
  14  0:37  Spawning Pool  
  14  0:38  Drone  
  14  0:45  Drone, Extractor  
  14  0:52  Drone  
  15  1:06  Drone  
  16  1:24  Zergling x4  
  16  1:25  Queen  
  18  1:28  Zergling x2  
  21  1:45  Drone  
  22  1:49  Hatchery  
  21  1:55  Overlord  
  21  2:00  Drone  
  22  2:09  Metabolic Boost  
  22  2:13  Drone  
  23  2:21  Drone  
  23  2:37  Baneling Nest, Overlord  
  23  2:38  Overlord  
  22  2:56  Zergling x4  
  24  2:59  Zergling x2  
  24  3:04  Zergling x4  
  27  3:09  Zergling x4  
  29  3:14  Zergling x2  
  30  3:23  Baneling x5  
  30  3:27  Zergling x6  
  33  3:34  Overlord  
  33  3:44  Spine Crawler  
  32  3:54  Baneling x5  
  32  4:06  Zergling x2  
  32  4:07  Zergling x2  
  32  4:08  Zergling x4  
Tags
 
Add a new tag
Caveats
  • Supply blocks, unpowered buildings, or Contaminate may cause inaccurate times.
  • Supply counts are checked every 10 seconds.